IL
LEHIGH VALLEY IRONPIGS @ TOLEDO MUD HENS
09/15/2080
 
TOP OF THE 1ST
Lehigh Valley IronPigs batting - Pitching for Toledo Mud Hens : RHP Kyle Wilson
Pitching: RHP Kyle Wilson
Batting: RHB Mike Mills 0-0: Swinging Strike
0-1: Called Strike
0-2: Ball
1-2: Ground out 5-3 (Groundball, 5L, EV 103.1 MPH)
Batting: SHB Carlos Contreras 0-0: Ball
1-0: Ball
2-0: Foul Ball, location: 2F
2-1: Ball
3-1: Fly out, F9 (Flyball, 9D, EV 89.4 MPH)
Batting: LHB Mike Humphries 0-0: Ball
1-0: Fly out, F7 (Flyball, 7D, EV 94.4 MPH)
Top of the 1st over - 0 runs, 0 hits, 0 errors, 0 left on base; Lehigh Valley 0 - Toledo 0
BOTTOM OF THE 1ST
Toledo Mud Hens batting - Pitching for Lehigh Valley IronPigs : RHP Arturo Guerra
Pitching: RHP Arturo Guerra
Batting: LHB Casper Reitsma 0-0: Fly out, F8 (Flyball, 8LD, EV 99.4 MPH)
Batting: LHB Braden York 0-0: Foul Ball, location: 2F
0-1: Foul Ball, location: 2F
0-2: Foul Ball, location: 2F
0-2: Ball
1-2: Ball
2-2: Foul Ball, location: 2F
2-2: Ball
3-2: Ground out 3-1 (Groundball, 13, EV 88.8 MPH)
Batting: LHB Bobby Ornelas 0-0: Called Strike
0-1: Ground out 5-3 (Groundball, 5, EV 84.4 MPH)
Bottom of the 1st over - 0 runs, 0 hits, 0 errors, 0 left on base; Lehigh Valley 0 - Toledo 0
TOP OF THE 2ND
Lehigh Valley IronPigs batting - Pitching for Toledo Mud Hens : RHP Kyle Wilson
Batting: RHB Howard Bennett 0-0: Called Strike
0-1: Ball
1-1: Fly out, F7 (Flyball, 78S, EV 79.4 MPH)
Batting: LHB Larry Shawen 0-0: Called Strike
0-1: Ground out 3-1 (Groundball, 34S, EV 83.1 MPH)
Batting: RHB Cy Boston 0-0: Ball
1-0: Foul Ball, location: 2F
1-1: Called Strike
1-2: Foul Ball, location: 2F
1-2: Strikes out swinging
Top of the 2nd over - 0 runs, 0 hits, 0 errors, 0 left on base; Lehigh Valley 0 - Toledo 0
BOTTOM OF THE 2ND
Toledo Mud Hens batting - Pitching for Lehigh Valley IronPigs : RHP Arturo Guerra
Batting: SHB Jeff Levorato 0-0: Called Strike
0-1: Ball
1-1: Ball
2-1: Called Strike
2-2: Foul Ball, location: 2F
2-2: Ground out U3 (Groundball, 3, EV 85.0 MPH)
Batting: RHB Ed Ferguson 0-0: SINGLE (Line Drive, 7S, EV 103.1 MPH)
Batting: SHB Elias Calonge 0-0: Called Strike
0-1: Swinging Strike
0-2: Ball
1-2: Grounds into double play, 4-6-3 (Groundball, 4MS, EV 84.4 MPH)
Bottom of the 2nd over - 0 runs, 1 hit, 0 errors, 0 left on base; Lehigh Valley 0 - Toledo 0
TOP OF THE 3RD
Lehigh Valley IronPigs batting - Pitching for Toledo Mud Hens : RHP Kyle Wilson
Batting: LHB Josh Davin 0-0: Called Strike
0-1: Ball
1-1: Swinging Strike
1-2: Fly out, F9 (Line Drive, 9D, EV 91.9 MPH)
Batting: RHB Travis Strine 0-0: Called Strike
0-1: Ball
1-1: Called Strike
1-2: Foul Ball, location: 2F
1-2: Foul Ball, location: 2F
1-2: Ball
2-2: Ball
3-2: SOLO HOME RUN (Flyball, 8LXD, EV 100.6 MPH), Distance : 418 ft
Batting: RHB Brendan Gray 0-0: Ball
1-0: Ball
2-0: Foul Ball, location: 2F
2-1: Swinging Strike
2-2: Ball
3-2: Strikes out swinging
Batting: RHB Mike Mills 0-0: Foul Ball, location: 2F
0-1: Ball
1-1: Called Strike
1-2: Ball
2-2: Strikes out looking
Top of the 3rd over - 1 run, 1 hit, 0 errors, 0 left on base; Lehigh Valley 1 - Toledo 0
BOTTOM OF THE 3RD
Toledo Mud Hens batting - Pitching for Lehigh Valley IronPigs : RHP Arturo Guerra
Batting: SHB Brian Struble 0-0: Ball
1-0: Ball
2-0: Fly out, F5 (Popup, 5SF, EV 84.4 MPH)
Batting: RHB Jesus Aguirre 0-0: Foul Ball, location: 2F
0-1: Ball
1-1: Foul Ball, location: 2F
1-2: Ground out 6-3 (Groundball, 6, EV 100.0 MPH)
Batting: SHB Felix Tenorio 0-0: Called Strike
0-1: Ball
1-1: Ground out 5-3 (Groundball, 56, EV 91.9 MPH)
Bottom of the 3rd over - 0 runs, 0 hits, 0 errors, 0 left on base; Lehigh Valley 1 - Toledo 0
TOP OF THE 4TH
Lehigh Valley IronPigs batting - Pitching for Toledo Mud Hens : RHP Kyle Wilson
Batting: SHB Carlos Contreras 0-0: Called Strike
0-1: Ball
1-1: Foul Ball, location: 2F
1-2: Ball
2-2: Ball
3-2: Foul Ball, location: 2F
3-2: Fly out, F9 (Flyball, 9LM, EV 83.8 MPH)
Batting: LHB Mike Humphries 0-0: Foul Ball, location: 2F
0-1: Ball
1-1: Foul Ball, location: 2F
1-2: Foul Ball, location: 2F
1-2: Foul Ball, location: 2F
1-2: Ball
2-2: Ball
3-2: SINGLE (Groundball, 4MD, EV 96.9 MPH)
Batting: RHB Howard Bennett 0-0: Called Strike
0-1: Called Strike
0-2: Ball
1-2: Fielders Choice at 2nd, 1-4 (Groundball, P, EV 72.5 MPH)
Batting: LHB Larry Shawen 0-0: Ball
1-0: Ball
2-0: Swinging Strike
2-1: Foul Ball, location: 2F
2-2: Foul Ball, location: 2F
2-2: Fly out, F8 (Flyball, 8LM, EV 94.4 MPH)
Top of the 4th over - 0 runs, 1 hit, 0 errors, 1 left on base; Lehigh Valley 1 - Toledo 0
BOTTOM OF THE 4TH
Toledo Mud Hens batting - Pitching for Lehigh Valley IronPigs : RHP Arturo Guerra
Batting: LHB Casper Reitsma 0-0: Ball
1-0: Ground out 3-1 (Groundball, 34, EV 83.8 MPH)
Batting: LHB Braden York 0-0: Fly out, F8 (Flyball, 8LXD, EV 93.8 MPH)
Batting: LHB Bobby Ornelas 0-0: Called Strike
0-1: SINGLE (Line Drive, 4MD, EV 101.9 MPH)
Batting: SHB Jeff Levorato 0-0: Called Strike
0-1: Ball
1-1: Swinging Strike
1-2: Ball
2-2: Strikes out looking
Bottom of the 4th over - 0 runs, 1 hit, 0 errors, 1 left on base; Lehigh Valley 1 - Toledo 0
TOP OF THE 5TH
Lehigh Valley IronPigs batting - Pitching for Toledo Mud Hens : RHP Kyle Wilson
Batting: RHB Cy Boston 0-0: Ball
1-0: Called Strike
1-1: Ball
2-1: SOLO HOME RUN (Flyball, 9D, EV 95.6 MPH), Distance : 357 ft
Batting: LHB Josh Davin 0-0: Called Strike
0-1: Foul Ball, location: 2F
0-2: Ground out 4-3 (Groundball, 34D, EV 87.5 MPH)
Batting: RHB Travis Strine 0-0: Called Strike
0-1: Ball
1-1: Called Strike
1-2: SINGLE (Groundball, 34D, EV 100.0 MPH)
Batting: RHB Brendan Gray 0-0: Called Strike
0-1: Fielders Choice at 2nd, 6-4 (Groundball, 6, EV 103.1 MPH)
Batting: RHB Mike Mills 0-0: Ball
1-0: Swinging Strike
1-1: Called Strike
1-2: Strikes out swinging
Top of the 5th over - 1 run, 2 hits, 0 errors, 1 left on base; Lehigh Valley 2 - Toledo 0
BOTTOM OF THE 5TH
Toledo Mud Hens batting - Pitching for Lehigh Valley IronPigs : RHP Arturo Guerra
Batting: RHB Ed Ferguson 0-0: Ball
1-0: Called Strike
1-1: Called Strike
1-2: SINGLE (Groundball, 6MD, EV 97.5 MPH)
Batting: SHB Elias Calonge 0-0: Bunted foul
0-1: Bunt missed!
0-2: Fielders Choice at 2nd, 4-6 (Groundball, 34D, EV 93.1 MPH)
Batting: SHB Brian Struble 0-0: Ball
1-0: Called Strike
1-1: Ball
2-1: Foul Ball, location: 2F
2-2: Foul Ball, location: 2F
2-2: Foul Ball, location: 2F
2-2: Fly out, F9 (Flyball, 89M, EV 78.8 MPH)
Batting: RHB Jesus Aguirre 0-0: Ball
1-0: Ground out U3 (Groundball, 3, EV 90.6 MPH)
Bottom of the 5th over - 0 runs, 1 hit, 0 errors, 1 left on base; Lehigh Valley 2 - Toledo 0
TOP OF THE 6TH
Lehigh Valley IronPigs batting - Pitching for Toledo Mud Hens : RHP Kyle Wilson
Batting: SHB Carlos Contreras 0-0: Ball
1-0: Ball
2-0: Fly out, F8 (Flyball, 8RS, EV 80.6 MPH)
Batting: LHB Mike Humphries 0-0: SINGLE (Groundball, 6D, EV 101.2 MPH)
Batting: RHB Howard Bennett 0-0: Ball
Mike Humphries steals 2nd base
1-0: Ball
2-0: Ball
3-0: Base on Balls
Batting: LHB Larry Shawen 0-0: Called Strike
0-1: Fielders Choice at 2nd, 3-6 (Groundball, 34, EV 103.1 MPH)
Mike Humphries to third
Batting: RHB Cy Boston 0-0: Ball
1-0: Called Strike
1-1: Ball
2-1: Foul Ball, location: 2F
2-2: Strikes out swinging
Top of the 6th over - 0 runs, 1 hit, 0 errors, 2 left on base; Lehigh Valley 2 - Toledo 0
BOTTOM OF THE 6TH
Toledo Mud Hens batting - Pitching for Lehigh Valley IronPigs : RHP Arturo Guerra
Batting: SHB Felix Tenorio 0-0: Ball
1-0: Foul Ball, location: 2F
1-1: Ball
2-1: Ball
3-1: SINGLE (Flyball, 89S, EV 87.5 MPH)
Batting: LHB Casper Reitsma 0-0: Ball
1-0: Fly out, F8 (Flyball, 8LM, EV 76.2 MPH)
Batting: LHB Braden York 0-0: Ball
1-0: Foul Ball, location: 2F
1-1: Foul Ball, location: 2F
1-2: Foul Ball, location: 2F
1-2: Fly out, F8 (Flyball, 8LM, EV 93.1 MPH)
Pitching: RHP Josh Toolen
Batting: LHB Bobby Ornelas 0-0: Foul Ball, location: 2F
0-1: Ball
1-1: Ball
Wild Pitch!
Felix Tenorio to second
2-1: Ground out 4-3 (Groundball, 4S, EV 70.6 MPH)
Bottom of the 6th over - 0 runs, 1 hit, 0 errors, 1 left on base; Lehigh Valley 2 - Toledo 0
TOP OF THE 7TH
Lehigh Valley IronPigs batting - Pitching for Toledo Mud Hens : RHP Kyle Wilson
Batting: LHB Josh Davin 0-0: Foul Ball, location: 2F
0-1: Called Strike
0-2: Ground out 4-3 (Groundball, 4, EV 104.4 MPH)
Batting: RHB Travis Strine 0-0: Ball
1-0: Ground out 3-1 (Groundball, 34S, EV 86.2 MPH)
Batting: RHB Brendan Gray 0-0: Called Strike
0-1: Ball
1-1: Foul Ball, location: 2F
1-2: Ball
2-2: Ground out 5-3 (Groundball, 56S, EV 87.5 MPH)
Top of the 7th over - 0 runs, 0 hits, 0 errors, 0 left on base; Lehigh Valley 2 - Toledo 0
BOTTOM OF THE 7TH
Toledo Mud Hens batting - Pitching for Lehigh Valley IronPigs : RHP Josh Toolen
Batting: SHB Jeff Levorato 0-0: Ground out 4-3 (Groundball, 4D, EV 109.4 MPH)
Batting: RHB Ed Ferguson 0-0: Ball
1-0: Ground out 5-3 (Groundball, 56, EV 86.2 MPH)
Batting: SHB Elias Calonge 0-0: Ground out 6-3 (Groundball, 6, EV 87.5 MPH)
Bottom of the 7th over - 0 runs, 0 hits, 0 errors, 0 left on base; Lehigh Valley 2 - Toledo 0
TOP OF THE 8TH
Lehigh Valley IronPigs batting - Pitching for Toledo Mud Hens : RHP Kyle Wilson
Pitching: RHP Steve Thomas
Batting: RHB Mike Mills 0-0: Ball
1-0: Called Strike
1-1: Ball
2-1: Called Strike
2-2: Hit by Pitch
Batting: SHB Carlos Contreras 0-0: Fielders Choice at 2nd, 6-4 (Groundball, 6MD, EV 89.4 MPH)
Batting: LHB Mike Humphries 0-0: Called Strike
0-1: Swinging Strike
0-2: Ball
1-2: Strikes out swinging
Batting: RHB Howard Bennett 0-0: Foul Ball, location: 2F
0-1: Foul Ball, location: 2F
0-2: Ball
1-2: Strikes out swinging
Top of the 8th over - 0 runs, 0 hits, 0 errors, 1 left on base; Lehigh Valley 2 - Toledo 0
BOTTOM OF THE 8TH
Toledo Mud Hens batting - Pitching for Lehigh Valley IronPigs : RHP Josh Toolen
Batting: SHB Brian Struble 0-0: DOUBLE (Line Drive, 78XD, EV 105.0 MPH) - OUT at third base trying to stretch hit.
Batting: RHB Jesus Aguirre 0-0: Ball
1-0: Ball
2-0: Ball
3-0: Base on Balls
Batting: SHB Felix Tenorio 0-0: Foul Ball, location: 2F
0-1: Ground out 6-3 (Groundball, 6M, EV 108.1 MPH)
Jesus Aguirre to second
Batting: LHB Casper Reitsma 0-0: Ball
1-0: Ball
2-0: Called Strike
2-1: Foul Ball, location: 2F
2-2: Strikes out swinging
Bottom of the 8th over - 0 runs, 1 hit, 0 errors, 1 left on base; Lehigh Valley 2 - Toledo 0
TOP OF THE 9TH
Lehigh Valley IronPigs batting - Pitching for Toledo Mud Hens : RHP Steve Thomas
Batting: LHB Larry Shawen 0-0: Called Strike
0-1: Swinging Strike
0-2: Ball
1-2: Foul Ball, location: 2F
1-2: Ground out 4-3 (Groundball, 4, EV 88.1 MPH)
Batting: RHB Cy Boston 0-0: Called Strike
0-1: Foul Ball, location: 2F
0-2: Strikes out swinging
Batting: LHB Josh Davin 0-0: Ground out U3 (Groundball, 3, EV 92.5 MPH)
Top of the 9th over - 0 runs, 0 hits, 0 errors, 0 left on base; Lehigh Valley 2 - Toledo 0
BOTTOM OF THE 9TH
Toledo Mud Hens batting - Pitching for Lehigh Valley IronPigs : RHP Josh Toolen
Pitching: LHP Masahiro Yamakawa
Batting: LHB Braden York 0-0: Called Strike
0-1: Ball
1-1: Called Strike
1-2: Strikes out looking
Pinch Hitting: RHB Chris Turman 0-0: Called Strike
0-1: Foul Ball, location: 2F
0-2: Strikes out swinging
Batting: SHB Jeff Levorato 0-0: Foul Ball, location: 2F
0-1: Ball
1-1: Ball
2-1: Ball
3-1: SINGLE (Groundball, 34D, EV 94.4 MPH)
Batting: RHB Ed Ferguson 0-0: Ball
1-0: Called Strike
1-1: Ball
2-1: Foul Ball, location: 2F
2-2: Foul Ball, location: 2F
2-2: Strikes out looking
Bottom of the 9th over - 0 runs, 1 hit, 0 errors, 1 left on base; Lehigh Valley 2 - Toledo 0
Wednesday, July 27th , 2022 - OOTP Baseball 23.5 Build 73